 Dungeon Crawl Stone Soup version 0.22-a0-558-gc224181 (webtiles) character file.

38102 kae the Transmogrifier (level 13, -1/121 HPs)
             Began as a Demonspawn Transmuter on June 27, 2018.
             Was a High Priest of Okawaru.
             Slain by an eight-headed hydra (18 damage)
             ... on level 6 of the Lair of Beasts.
             The game lasted 00:18:33 (19934 turns).

kae the Transmogrifier (Demonspawn Transmuter)     Turns: 19934, Time: 00:18:34

Health: -1/121     AC:  6    Str: 12    XL:     13   Next: 62%
Magic:  25/25      EV: 18    Int: 14    God:    Okawaru [*****.]
Gold:   891        SH:  0    Dex: 21    Spells: 14/29 levels left

rFire    x . .     SeeInvis .     - Unarmed
rCold    + + +     Gourm    .   (shield currently unavailable)
rNeg     . . .     Faith    .   (armour currently unavailable)
rPois    +         Spirit   .   (helmet currently unavailable)
rElec    .         Reflect  .   (cloak currently unavailable)
rCorr    .         Harm     .   (gloves currently unavailable)
MR       .....                  (boots currently unavailable)
Stlth    +++.......             (no amulet)
HPRegen  0.30/turn              g - +3 ring of dexterity
MPRegen  0.19/turn              r - +3 ring of evasion

@: ice-form, heroism
A: large, powered by pain 2
a: End Transformation, Heroism, Finesse, Renounce Religion


You were on level 6 of the Lair of Beasts.
You worshipped Okawaru.
Okawaru was extremely pleased with you.
You were not hungry.
You were a creature of crystalline ice.
You visited 3 branches of the dungeon, and saw 18 of its levels.

You collected 916 gold pieces.
You spent 25 gold pieces at shops.

Inventory:

Hand Weapons
 c - a +1 hand axe
Missiles
 a - 223 arrows
Armour
 e - a +2 robe of resistance
 B - a +0 hat of magic resistance (melded)
 E - the +0 cloak of an ossuary (melded) {Int+3 Slay+3}
   (Okawaru gifted it to you on level 9 of the Dungeon)

   It affects your intelligence (+3).
   It affects your accuracy and damage with ranged weapons and melee attacks
   (+3).
 F - a +0 troll leather armour
 G - a +1 pair of boots (melded)
 I - the +0 swamp dragon scales of the Cooper (melded) {rPois rC+ Slay+5}
   (You found it on level 2 of the Lair of Beasts)

   It affects your accuracy and damage with ranged weapons and melee attacks
   (+5).
   It protects you from cold.
   It protects you from poison.
Jewellery
 g - a +3 ring of dexterity (left front paw)
 h - an uncursed ring of flight
 l - an uncursed ring of magical power
 n - an uncursed ring of protection from fire
 r - a +3 ring of evasion (right front paw)
Wands
 b - a wand of random effects (57)
 m - a wand of polymorph (29)
 s - a wand of clouds (5)
 y - a wand of paralysis (36)
 C - a wand of iceblast (12)
 J - a wand of acid (24)
 K - a wand of enslavement (13)
Scrolls
 f - 9 scrolls of identify
 j - 4 scrolls of teleportation
 o - 8 scrolls of remove curse
 p - 3 scrolls of amnesia
 q - 2 scrolls of enchant weapon
 v - 3 scrolls of fear
 w - 2 scrolls of magic mapping
 D - 2 scrolls of fog
 M - 2 scrolls of enchant armour
Potions
 i - 3 potions of lignification
 k - 4 potions of brilliance
 t - 2 potions of cancellation
 u - 2 potions of heal wounds
 x - a potion of might
 z - 2 potions of agility
 A - 3 potions of resistance
 L - 2 potions of curing
Comestibles
 d - 26 rations
 H - 5 chunks of flesh


   Skills:
 + Level 9.1(14.1) Fighting
 + Level 5.2(10.2) Armour
 - Level 1.7(6.7) Dodging
 + Level 11.5(16.5) Unarmed Combat
 + Level 8.5 Spellcasting
 * Level 11.6 Transmutations
 + Level 11.0 Invocations


You had 14 spell levels left.
You knew the following spells:

 Your Spells              Type           Power        Failure   Level  Hunger
a - Beastly Appendage     Tmut           #####.       1%          1    None
b - Sticks to Snakes      Tmut           #####...     1%          2    None
c - Spider Form           Tmut/Pois      ###.......   3%          3    ##.....
d - Blade Hands           Tmut           #####.....   2%          5    #####..
e - Ice Form              Ice/Tmut       ###.....     11%         4    ####...

Your spell library contained the following spells:

 Spells                   Type           Power        Failure   Level  Hunger
 Magic Dart               Conj           #...         12%         1    None
 Apportation              Tloc           #.....       12%         1    None
 Conjure Flame            Conj/Fire      #.......     36%         3    ##.....
 Lightning Bolt           Conj/Air       #.........   98%         5    #####..
 Slow                     Hex            #.......     19%         2    None
 Freezing Cloud           Conj/Ice/Air   #.........   100%        6    #######
 Mephitic Cloud           Conj/Pois/Air  #.......     36%         3    ##.....
 Ring of Flames           Chrm/Fire      #.........   100%        7    #######
 Olgreb's Toxic Radiance  Pois           #.......     77%         4    ####...
 Summon Small Mammal      Summ           #...         12%         1    None
 Blink                    Tloc           N/A          19%         2    None
 Animate Skeleton         Necr           N/A          12%         1    None
 Call Imp                 Summ           #.......     19%         2    None
 Sting                    Conj/Pois      #...         12%         1    None
 Shock                    Conj/Air       #...         12%         1    None
 Swiftness                Chrm/Air       #.......     19%         2    None
 Airstrike                Air            #.........   77%         4    ####...
 Confusing Touch          Hex            #.....       12%         1    None
 Ignite Poison            Fire/Tmut/Pois ###.....     8%          3    ##.....
 Static Discharge         Conj/Air       #.......     36%         3    ##.....
 Alistair's Intoxication  Tmut/Pois      ###.....     30%         5    #####..
 Poisonous Vapours        Pois/Air       #.....       19%         2    None


Dungeon Overview and Level Annotations

Branches:
Dungeon (11/15)            Temple (1/1) D:4            Lair (6/6) D:9
 Shoals (0/4) Lair:4       Spider (0/4) Lair:4        Slime (0/5) Lair:5
    Orc: D:9-12

Altars:
Ashenzari
Cheibriados
Dithmenos
Elyvilon
Fedhas
Gozag
Hepliaklqana
Kikubaaqudgha
Makhleb
Nemelex Xobeh
Okawaru
Qazlal
Ru
Sif Muna
Trog
Uskayaw
Vehumet
Wu Jian
Xom
Yredelemnul
Zin
The Shining One

Shops:
D:8 (   D:11 *

Annotations:
D:4 3 runed doors, Goblin1989's ghost, amateur OpFE


Innate Abilities, Weirdness & Mutations

((You have very sharp fingernails.))
((You are mostly covered in slimy green scales. (AC +3)))
You sometimes gain power by taking damage.


Message History

The spiny frog closely misses you. The spriggan completely misses you.
You punch the eight-headed hydra! You freeze the eight-headed hydra.
The eight-headed hydra is lightly wounded.
The spiny frog closely misses you.
The eight-headed hydra barely misses you.
The eight-headed hydra misses you.
The eight-headed hydra closely misses you.
The eight-headed hydra barely misses you. x2
The eight-headed hydra bites you.
The eight-headed hydra closely misses you. x2
You pummel the eight-headed hydra!! You freeze the eight-headed hydra.
The eight-headed hydra is severely wounded.
The spriggan hits you with a rapier. The spiny frog stings you!!
* * * LOW HITPOINT WARNING * * *
The eight-headed hydra barely misses you.
The eight-headed hydra closely misses you.
The eight-headed hydra bites you!
* * * LOW HITPOINT WARNING * * *
The eight-headed hydra misses you. The eight-headed hydra bites you!!
You die...

...........†...............
.........................<.
.P.#.#....###............
..##########...........#
.## ##...........# ##
#............#
###.........P#
##....FD....##
#.....Yi....P#
##P....[.....#
##..........# ############


You could see an eight-headed hydra, a spiny frog and a spriggan.

Vanquished Creatures
  Gastronok (D:8)
  The ghost of Nib the Summoner, a journeyman BaSu of Cheibriados (Lair:2)
  4 hydras
  Erica (D:8)
  3 two-headed ogres
  Sonja (D:11)
  An unseen horror (D:11)
  An ugly thing (D:11)
  4 elephants (Lair:5)
  3 black mambas
  8 spiny frogs
  7 komodo dragons
  2 rime drakes
  3 trolls (D:10)
  A hornet (D:10)
  A polar bear (Lair:5)
  18 blink frogs
  7 dream sheep (Lair:5)
  5 hippogriffs
  Sigmund (D:5)
  A wyvern (Lair:5)
  4 basilisks
  28 yaks
  Edmund (D:5)
  26 water moccasins
  A porcupine (Lair:3)
  6 orc warriors
  5 sky beasts
  An ice beast (D:4)
  2 phantoms
  7 ogres
  A black bear (Lair:3)
  3 necrophages
  11 wolves
  3 centaurs
  9 crocodiles
  A big kobold (D:11)
  12 bullfrogs
  2 wyvern skeletons
  A water moccasin zombie (D:7)
  6 scorpions
  3 wights (D:11)
  3 howler monkeys (D:9)
  An electric eel (D:11)
  7 crimson imps
  2 bullfrog zombies
  A centaur zombie (D:10)
  A quasit (D:8)
  2 orc priests
  3 hounds
  2 jellies
  A bullfrog skeleton (D:10)
  4 iguanas
  2 centaur skeletons
  13 orc wizards
  10 worker ants
  2 killer bee zombies
  2 hound zombies
  2 hound skeletons
  2 worker ant zombies (D:5)
  33 adders
  A howler monkey skeleton (D:5)
  3 shadow imps
  3 adder zombies
  5 worms
  2 dart slugs
  4 leopard geckos
  43 orcs
  8 bats
  6 giant cockroaches
  4 goblins
  7 hobgoblins
  13 jackals
  14 kobolds
  3 frilled lizards
  2 jackal skeletons
  A leopard gecko zombie (D:8)
  A rat (D:2)
  A butterfly (D:4)
421 creatures vanquished.

Vanquished Creatures (collateral kills)
  An ogre (D:7)
  2 adders
3 creatures vanquished.

Vanquished Creatures (others)
  A sky beast (D:5)
  2 bushes (Lair:6)
  16 fungi
  4 plants
23 creatures vanquished.

Grand Total: 447 creatures vanquished

Notes
Turn   | Place    | Note
-------+----------+-------------------------------------------
     0 | D:1      | kae the Demonspawn Transmuter began the quest for the Orb.
     0 | D:1      | Reached XP level 1. HP: 15/15 MP: 3/3
   947 | D:1      | Gained mutation: You sometimes gain a little power by taking damage. [demonic ancestry]
   947 | D:1      | Reached XP level 2. HP: 21/21 MP: 3/5
  1891 | D:2      | Found an ancient bone altar of Kikubaaqudgha.
  1899 | D:2      | Gained mutation: You are partially covered in slimy green scales. (AC +2) [demonic ancestry]
  1899 | D:2      | Reached XP level 3. HP: 13/26 MP: 6/6
  1996 | D:2      | Learned a level 2 spell: Sticks to Snakes
  2000 | D:2      | Learned a level 3 spell: Spider Form
  2227 | D:2      | Found a shadowy altar of Dithmenos.
  2227 | D:2      | Found a sparkling altar of Nemelex Xobeh.
  2227 | D:2      | Found a white marble altar of Elyvilon.
  2246 | D:2      | Found a hazy altar of Hepliaklqana.
  2772 | D:3      | Gained mutation: You are mostly covered in slimy green scales. (AC +3) [demonic ancestry]
  2772 | D:3      | Reached XP level 4. HP: 14/33 MP: 2/7
  4178 | D:4      | Reached XP level 5. HP: 32/38 MP: 4/8
  4456 | D:4      | Found a staircase to the Ecumenical Temple.
  4483 | Temple   | Entered the Ecumenical Temple
  4543 | Temple   | Became a worshipper of Warmaster Okawaru
  4614 | D:4      | Noticed an ice beast
  4628 | D:4      | Killed an ice beast
  4880 | D:4      | Found a glowing golden altar of the Shining One.
  4950 | D:4      | Reached XP level 6. HP: 44/46 MP: 10/10
  5184 | D:4      | Found a runed gate.
  5185 | D:4      | Found a runed gate.
  5186 | D:4      | Found a runed gate.
  5190 | D:4      | Noticed Goblin1989's ghost (amateur OpFE)
  5353 | D:5      | Entered Level 5 of the Dungeon
  5365 | D:5      | Noticed Edmund
  5386 | D:5      | Reached skill level 1 in Invocations
  5419 | D:5      | Killed Edmund
  5419 | D:5      | Reached * piety under Okawaru
  5697 | D:5      | Found a blossoming altar of Fedhas.
  5700 | D:5      | Found a stormy altar of Qazlal.
  5738 | D:5      | Gained mutation: You have sharp fingernails. [demonic ancestry]
  5738 | D:5      | Reached XP level 7. HP: 31/52 MP: 11/11
  5919 | D:5      | Reached skill level 5 in Unarmed Combat
  6287 | D:5      | Noticed Sigmund
  6302 | D:5      | Killed Sigmund
  6302 | D:5      | Reached ** piety under Okawaru
  6409 | D:5      | Gained mutation: You sometimes gain power by taking damage. [demonic ancestry]
  6409 | D:5      | Reached XP level 8. HP: 38/59 MP: 13/13
  6478 | D:5      | Reached skill level 5 in Transmutations
  6486 | D:5      | Found a radiant altar of Vehumet.
  7376 | D:6      | Found a basalt altar of Yredelemnul.
  7622 | D:6      | Found a shattered altar of Ashenzari.
  7625 | D:6      | Reached *** piety under Okawaru
  8341 | D:7      | Reached XP level 9. HP: 66/66 MP: 15/15
  8406 | D:7      | Found a burning altar of Makhleb.
  8537 | D:7      | Reached skill level 5 in Invocations
  8816 | D:8      | Found Zaexirr's Weapon Shop.
  8816 | D:8      | Noticed a two-headed ogre
  9239 | D:8      | Reached skill level 5 in Fighting
  9239 | D:8      | Reached skill level 5 in Spellcasting
  9363 | D:8      | Noticed Gastronok
  9513 | D:8      | Noticed Erica
  9531 | D:8      | Killed Erica
  9531 | D:8      | Reached **** piety under Okawaru
  9951 | D:8      | Killed Gastronok
  9951 | D:8      | Reached ***** piety under Okawaru
  9951 | D:8      | Gained mutation: You have very sharp fingernails. [demonic ancestry]
  9951 | D:8      | Reached XP level 10. HP: 9/76 MP: 18/18
 10298 | D:8      | Killed a two-headed ogre
 10827 | D:9      | Found a staircase to the Lair.
 10933 | D:9      | Received a gift from Okawaru
 10955 | D:9      | Got a pitted cloak {god gift}
 11007 | D:9      | Identified the +0 cloak of an ossuary {Int+3 Slay+3} (Okawaru gifted it to you on level 9 of the Dungeon)
 11609 | D:10     | Entered Level 10 of the Dungeon
 11617 | D:10     | Noticed a two-headed ogre
 11627 | D:10     | Killed a two-headed ogre
 11627 | D:10     | Reached XP level 11. HP: 70/83 MP: 17/20
 11638 | D:10     | Noticed a two-headed ogre
 11645 | D:10     | Killed a two-headed ogre
 12559 | D:11     | Noticed a purple ugly thing
 12574 | D:11     | Killed a purple ugly thing
 12574 | D:11     | Reached skill level 1 in Armour
 12810 | D:11     | Killed an unseen horror
 12832 | D:11     | Found Daetuir's Assorted Antiques.
 12886 | D:11     | Noticed Sonja
 12900 | D:11     | Killed Sonja
 12971 | D:11     | Bought a lumpy dark potion for 25 gold pieces
 13241 | Lair:1   | Entered Level 1 of the Lair of Beasts
 13329 | Lair:1   | Received a gift from Okawaru
 13329 | Lair:1   | Reached skill level 10 in Unarmed Combat
 13452 | Lair:1   | Learned a level 5 spell: Blade Hands
 13472 | Lair:1   | Reached XP level 12. HP: 65/91 MP: 17/22
 13655 | Lair:1   | Reached skill level 10 in Transmutations
 14717 | Lair:2   | Noticed a six-headed hydra
 14725 | Lair:1   | Learned a level 4 spell: Ice Form
 15179 | Lair:2   | Killed a six-headed hydra
 15436 | Lair:2   | Received a gift from Okawaru
 15626 | Lair:2   | Found a runed door.
 16188 | Lair:2   | Noticed Nib's ghost (journeyman BaSu)
 16198 | Lair:2   | Killed Nib's ghost
 16237 | Lair:2   | Got warped swamp dragon scales
 16249 | Lair:2   | Identified the +0 swamp dragon scales of the Cooper {rPois rC+ Slay+5} (You found it on level 2 of the Lair of Beasts)
 16352 | Lair:3   | Noticed a seven-headed hydra
 16395 | Lair:3   | HP: 3/93 [basilisk (5)]
 16827 | Lair:3   | Reached skill level 10 in Invocations
 17000 | Lair:3   | Found a shimmering altar of Xom.
 17201 | Lair:3   | Noticed an eight-headed hydra
 17210 | Lair:3   | Killed an eight-headed hydra
 17289 | Lair:3   | Killed a seven-headed hydra
 17289 | Lair:3   | Reached XP level 13. HP: 17/99 MP: 18/24
 17794 | Lair:4   | Found a hole to the Spider Nest.
 17968 | Lair:4   | Found a hide-covered altar of Uskayaw.
 18367 | Lair:4   | Found a staircase to the Shoals.
 18658 | Lair:5   | Received a gift from Okawaru
 19022 | Lair:5   | Found a staircase to the Slime Pits.
 19176 | Lair:5   | Identified the Catalogue of Venom
 19495 | Lair:6   | Entered Level 6 of the Lair of Beasts
 19708 | Lair:6   | Reached skill level 5 in Armour
 19934 | Lair:6   | Slain by an eight-headed hydra

Vault maps used:
D:1:      dpeg_arrival_round_b
D:2:      overflow_temple_1_default, gammafunk_temple_overflow_claw,
          kiku_gazebo_garden_becter, minmay_pentomino_v2
D:3:      columned_hall_lemuel, minmay_surrounded
D:4:      lemuel_round_altar, minmay_temple_entry_butterflies,
          ebering_ghost_rock_garden
D:5:      grunt_temple_overflow_forces_of_nature, lemuel_coloured_pillars_altar,
          first_ration, uniq_edmund, uniq_sigmund
D:6:      evilmike_ruin_ashenzari, kennysheep_mini
D:7:      makhleb_blood_cavern_becter
D:8:      serial_shops, shop, uniq_gastronok, uniq_erica
D:9:      lair_entry_dummy
D:11:     serial_shops, nicolae_shop_crystal, uniq_sonja
Temple:   jpeg_temple_alley_garden
Lair:1:   lemuel_reptile_caves
Lair:2:   ebering_ghost_reflecting_pool, serial_bayou_shore_b
Lair:3:   basic_altar
Lair:4:   minmay_shoals_entry_beasts, nicolae_spider_entry_non_spiders,
          basic_altar
Lair:5:   dpeg_slime_entry_corner, beast_lair_carwin_4
Lair:6:   minmay_lair_end_enchanted_forest, st_stairs_12,
          minmay_lair_oklob_bushes

Skill      XL: |  1  2  3  4  5  6  7  8  9 10 11 12 13 |
---------------+----------------------------------------+-----
Transmutations | 2 3 4 6 7 8 9 10 11 | 11.6
Unarmed Combat | 3 4 5 6 8 9 10 11 | 11.5
Fighting       | 2 3 4 5 6 7 8 9 |  9.1
Spellcasting   | 3 4 5 6 7 8 |  8.5
Invocations    | 1 3 4 6 7 9 10 11 | 11.0
Armour         | 2 4 5 |  5.2
Dodging        | |  1.7

Action                   |  1- 3 |  4- 6 |  7- 9 | 10-12 | 13-15 || total
-------------------------+-------+-------+-------+-------+-------++-------
Melee: Unarmed           |    43 |    84 |   355 |   606 |   157 ||  1245
       Hand axe          |    96 |   122 |     9 |       |       ||   227
       Kick              |     6 |       |       |       |       ||     6
       Punch             |       |     5 |     5 |    22 |     9 ||    41
 Cast: Beastly Appendage |     9 |       |       |     1 |       ||    10
       Spider Form       |     2 |     8 |    28 |    28 |       ||    66
       Sticks to Snakes  |       |     3 |     4 |     1 |       ||     8
       Blade Hands       |       |       |       |    23 |    19 ||    42
       Ice Form          |       |       |       |     2 |     2 ||     4
Invok: Heroism           |       |       |     2 |    24 |     4 ||    30
       Finesse           |       |       |       |       |     1 ||     1
 Abil: End Transformatio |       |       |       |       |     1 ||     1
Evoke: Wand              |       |       |       |     3 |       ||     3
  Use: Potion            |     5 |       |     1 |     2 |       ||     8
       Scroll            |       |     7 |     1 |     8 |     1 ||    17
 Stab: Sleeping          |       |     1 |       |     3 |       ||     4
       Confused          |       |     3 |       |       |       ||     3
       Distracted        |       |       |     3 |     2 |       ||     5
  Eat: Chunk             |     3 |    11 |    16 |    25 |    12 ||    67
       Ration            |     1 |       |       |     2 |     1 ||     4
Armor: Robe              |    55 |    51 |    56 |    10 |       ||   172
       Skin              |     2 |     5 |     5 |    10 |     3 ||    25
       Troll leather arm |       |       |       |    48 |       ||    48
       Swamp dragon scal |       |       |       |    47 |    44 ||    91
Dodge: Dodged            |   144 |   170 |   275 |   562 |   118 ||  1269

Table legend:
 A = Spawn XP
 B = Non-spawn XP
 C = Spawn XP percentage of total XP
 D = Spawn monster count
 E = Non-spawn monster count
 F = Spawn count percentage of total count
 G = Total turns spent on level
                    A         B        C        D         E        F      G
               +---------+---------+-------+---------+---------+-------+---------
         Total |       0 |   54432 |   0.0 |       0 |     424 |   0.0 | 19934
               +---------+---------+-------+---------+---------+-------+---------
           D:1 |       0 |      17 |   0.0 |       0 |       9 |   0.0 |  1380
           D:2 |       0 |      47 |   0.0 |       0 |      16 |   0.0 |  1307
           D:3 |       0 |     124 |   0.0 |       0 |      30 |   0.0 |  1454
           D:4 |       0 |     278 |   0.0 |       0 |      16 |   0.0 |  1088
           D:5 |       0 |    1429 |   0.0 |       0 |      32 |   0.0 |  1706
           D:6 |       0 |     541 |   0.0 |       0 |      18 |   0.0 |   859
           D:7 |       0 |     984 |   0.0 |       0 |      17 |   0.0 |  1165
           D:8 |       0 |    4865 |   0.0 |       0 |      24 |   0.0 |  1433
           D:9 |       0 |    2143 |   0.0 |       0 |      21 |   0.0 |  1105
          D:10 |       0 |    4829 |   0.0 |       0 |      34 |   0.0 |   930
          D:11 |       0 |    3866 |   0.0 |       0 |      44 |   0.0 |   690
        Lair:1 |       0 |    7904 |   0.0 |       0 |      56 |   0.0 |  1531
        Lair:2 |       0 |    4463 |   0.0 |       0 |      12 |   0.0 |  1531
        Lair:3 |       0 |    6679 |   0.0 |       0 |      25 |   0.0 |  1360
        Lair:4 |       0 |    4056 |   0.0 |       0 |      24 |   0.0 |   975
        Lair:5 |       0 |    6328 |   0.0 |       0 |      22 |   0.0 |   857
        Lair:6 |       0 |    5879 |   0.0 |       0 |      24 |   0.0 |   439
               +---------+---------+-------+---------+---------+-------+---------
